AoeStats
← Manolator

MegaRandom

509697759Analyzed
3v3 RM · 6d ago on Sep 27, 2026· 61m 32s· 6 players
Game mode
Random Map
Map size
Normal (6 player)
Population
200
Speed
Normal
Resources
Standard
Victory
Conquest
Starting age
Dark Age
Ending age
Imperial Age
RankedLock teamsTeams togetherTeam positionsShared explorationLock speedFull tech treeHidden civsTurbo modeCheats
Victory
Defeat
🇧🇷 Khmer · Brazil
907
+15
🇭🇺 Vietnamese · Hungary
905
+15
🇨🇱 Turks · Chile
839
+18
🇪🇸 Huns · Spain
887
-16
887
-16
🇪🇸 Ethiopians · Spain
887
-16
Manolator
2:18 Loom
12:52 Feudal Age
14:13 Wheelbarrow
13:26 Double-Bit Axe
16:04 Horse Collar
23:17 Castle Age
22:00 Forging
22:55 Scale Barding Armor
22:41 Fletching
22:52 Padded Archer Armor
24:18 Hand Cart
24:36 Bow Saw
24:28 Heavy Plow
24:47 Husbandry
26:28 Gold Mining
28:12 Bloodlines
27:33 Elite Skirmisher
32:05 Stone Mining
34:31 Gold Shaft Mining
38:03 Imperial Age
40:11 Capped Ram
43:51 Cavalier
44:57 Light Cavalry
48:57 Paladin
50:01 Town Watch
49:42 Hussar
51:37 Chain Barding Armor
51:53 Iron Casting
ToroBravoPocoPeloMuchoRabo
4:39 Loom
13:02 Feudal Age
14:47 Wheelbarrow
14:00 Double-Bit Axe
14:01 Horse Collar
15:32 Town Watch
22:07 Gold Mining
22:07 Stone Mining
24:34 Castle Age
26:02 Bow Saw
26:03 Heavy Plow
26:20 Hand Cart
26:06 Town Patrol
31:39 Scale Barding Armor
31:45 Forging
33:12 Husbandry
33:22 Bloodlines
34:29 Gold Shaft Mining
34:30 Stone Shaft Mining
40:05 Imperial Age
37:48 Fletching
38:34 Iron Casting
38:20 Chain Barding Armor
42:47 Chemistry
42:10 Ballistics
42:52 Chemistry
41:48 Murder Holes
41:56 Bodkin Arrow
43:02 Blast Furnace
42:39 Cavalier
45:35 Plate Barding Armor
45:14 Masonry
44:48 Cavalier
49:27 Savar
General Guanche
2:40 Loom
14:44 Feudal Age
16:36 Wheelbarrow
17:51 Horse Collar
20:21 Gold Mining
23:38 Castle Age
26:42 Hand Cart
26:54 Double-Bit Axe
27:22 Crossbowman
28:54 Padded Archer Armor
29:05 Forging
28:58 Scale Mail Armor
28:51 Fletching
29:35 Bow Saw
30:20 Thumb Ring
31:17 Town Watch
31:55 Stone Mining
32:45 Gold Shaft Mining
32:51 Iron Casting
32:12 Bodkin Arrow
32:33 Leather Archer Armor
43:37 Imperial Age
43:46 Onager
45:38 Chemistry
45:00 Ballistics
45:52 Halberdier
46:34 Squires
46:38 Bracer
47:09 Ring Archer Armor
47:40 Blast Furnace
46:56 Chain Mail Armor
46:52 Siege Onager
47:52 Siege Onager
49:57 Conscription
KUATIQUERO
1:28 Loom
14:03 Feudal Age
17:58 Castle Age
20:12 Double-Bit Axe
20:10 Horse Collar
21:08 Wheelbarrow
27:54 Treadmill Crane
28:49 Bow Saw
32:35 Hand Cart
33:44 Heavy Plow
33:53 Scale Barding Armor
37:58 Imperial Age
36:34 Forging
36:29 Stone Mining
36:30 Gold Mining
37:23 Husbandry
37:33 Bloodlines
39:09 Iron Casting
38:55 Chain Barding Armor
42:46 Conscription
45:08 Plate Barding Armor
45:34 Blast Furnace
45:08 Heavy Camel Rider
55:37 Murder Holes
56:09 Elite Janissary
Caio Pai
1:57 Loom
16:09 Feudal Age
19:08 Castle Age
17:10 Double-Bit Axe
17:32 Horse Collar
20:29 Wheelbarrow
20:26 Bow Saw
20:51 Gold Mining
21:47 Fishing Lines
23:44 Pikeman
24:31 Stone Mining
26:37 Heavy Plow
30:21 Gold Shaft Mining
33:23 Hand Cart
35:48 Tusk Swords
41:24 Imperial Age
43:57 Scale Barding Armor
43:52 Scale Mail Armor
43:53 Padded Archer Armor
43:43 Fletching
44:03 Forging
43:59 Double Crossbow
44:20 Conscription
43:21 Elite Ballista Elephant
43:42 Halberdier
46:38 Chemistry
45:58 Ballistics
45:49 Masonry
45:45 Siege Engineers
45:36 Murder Holes
46:00 Capped Ram
48:34 Chain Barding Armor
48:30 Leather Archer Armor
48:51 Iron Casting
48:31 Chain Mail Armor
48:13 Bodkin Arrow
48:31 Fortified Wall
49:25 Heavy Scorpion
52:12 Plate Barding Armor
52:09 Ring Archer Armor
52:39 Blast Furnace
51:38 Siege Ram
Terminor
0:29 Loom
12:18 Feudal Age
13:01 Double-Bit Axe
16:15 Horse Collar
22:05 Castle Age
23:27 Wheelbarrow
23:03 Bow Saw
23:14 Stone Mining
23:15 Gold Mining
25:49 Heavy Plow
28:20 Gold Mining
29:27 Hand Cart
31:28 Fletching
34:01 Thumb Ring
36:53 Imperial Age
35:13 Squires
34:59 Arson
36:10 Stone Shaft Mining
36:09 Ballistics
36:01 Masonry
38:00 Town Watch
40:43 Chemistry
40:05 Bloodlines
41:37 Husbandry
44:17 Capped Ram
44:50 Elite Skirmisher
45:57 Padded Archer Armor
45:53 Bodkin Arrow
45:58 Scale Mail Armor
46:04 Scale Barding Armor
46:10 Forging
49:13 Bracer
49:34 Chain Barding Armor
49:30 Chain Mail Armor
54:23 Leather Archer Armor
54:43 Plate Barding Armor
54:39 Plate Mail Armor
54:44 Iron Casting
58:34 Town Patrol
59:00 Paper Money
58:02 Elite Rattan Archer
58:44 Chatras
58:07 Imperial Skirmisher
58:10 Elite Battle Elephant
60:18 Hoardings
61:08 Ring Archer Armor
Connection lost

Rejoining the realm…

Still unreachable

The connection could not be restored.

Session expired

The server has moved on; the page needs a fresh start.